 Dungeon Crawl Stone Soup version 0.25.0-11-g1f837a76a1 (webtiles) character file.

Game seed: 11399163302225621898

715 Delamore the Skirmisher (level 7, -2/48 HPs)
             Began as a Gargoyle Fighter on June 25, 2020.
             Splashed by a jelly's acid (5 damage)
             ... on level 5 of the Dungeon.
             The game lasted 00:04:30 (5143 turns).

Delamore the Skirmisher (Gargoyle Fighter)          Turns: 5143, Time: 00:04:31

Health: -2/48      AC:  3    Str: 22    XL:     7   Next: 69%
Magic:  7/7        EV:  9    Int:  8    God:
Gold:   222        SH:  4    Dex:  9    Spells: 6/6 levels left

rFire    . . .     SeeInvis .   y - +0 whip (vamp)
rCold    . . .     Gourm    .   x - +0 buckler
rNeg     + . .     Faith    .   b - +0 scale mail
rPois    ∞         Spirit   .   (no helmet)
rElec    +         Reflect  .   (no cloak)
rCorr    .         Harm     .   (no gloves)
MR       .....                  (no boots)
Stlth    ..........             (no amulet)
HPRegen  0.16/turn              (no ring)
MPRegen  0.10/turn              (no ring)

@: corroded
A: negative energy resistance 1, electricity resistance, unbreathing,
petrification resistance, rot immunity, AC +4
a: no special abilities


You were on level 5 of the Dungeon.
You were not hungry.

You visited 1 branch of the dungeon, and saw 5 of its levels.

You collected 222 gold pieces.

Inventory:

Hand Weapons
 a - a +0 flail
 y - a +0 vampiric whip (weapon)
Missiles
 r - 25 poisoned darts (quivered)
Armour
 b - a +0 scale mail (worn)
 c - a +0 kite shield
 x - a +0 buckler (worn)
Jewellery
 w - an uncursed ring of protection from cold {unknown}
Wands
 v - a wand of polymorph (9)
Scrolls
 e - a scroll of magic mapping {unknown}
 k - 6 scrolls of identify {unknown}
 m - 3 scrolls of remove curse {unknown}
 o - a scroll of teleportation {unknown}
 q - 3 scrolls of enchant weapon {unknown}
 t - a scroll of blinking {unknown}
 u - a scroll of noise {unknown}
Potions
 d - 3 potions of might
 g - a potion of lignification {unknown}
 h - 2 potions of haste
 i - a potion of heal wounds {unknown}
 j - 4 potions of curing {unknown}
 l - a potion of berserk rage {unknown}
 n - a potion of flight {unknown}
 p - a potion of stabbing {unknown}
 s - 2 potions of brilliance {unknown}
Comestibles
 f - 7 rations
 z - 4 chunks of flesh


   Skills:
 + Level 7.1 Fighting
 + Level 6.1 Maces & Flails
 - Level 3.2 Armour
 - Level 3.2 Shields


You had 6 spell levels left.
You didn't know any spells.
Your spell library was empty.

Dungeon Overview and Level Annotations

Branches:
Dungeon (5/15)
 Temple: D:4-7

Altars:
Ashenzari
Dithmenos
Elyvilon
Nemelex Xobeh
Uskayaw
Yredelemnul


Innate Abilities, Weirdness & Mutations

You are resistant to torment.
Your stone body is resilient. (AC +4)
You are immune to poison.
You resist negative energy. (rN+)
You are resistant to electric shocks. (rElec)
You can survive without breathing.
You are immune to petrification.
You are immune to rotting.


Message History

The jelly hits you. The acid corrodes you!
You are splashed with acid!
Things that are here:
a +0 dagger; a +0 robe; an orc corpse You hit the jelly.
Your hands burn!
* * * LOW HITPOINT WARNING * * *
The jelly is moderately wounded.
The jelly completely misses you.
You completely miss the jelly.
The jelly is moderately wounded.
The jelly hits you but does no damage.
You hit the jelly but do no damage.
Your hands burn!
* * * LOW HITPOINT WARNING * * *
The jelly is moderately wounded.
You hit the jelly. The acid corrodes you!
Your hands burn!
* * * LOW HITPOINT WARNING * * *
The jelly is heavily wounded.
The jelly hits you.
* * * LOW HITPOINT WARNING * * *
The acid corrodes you!
You are splashed with acid.
You die...

.....# #...... ......
....... #.....##....#
#...)....# # #..# .## #.
#..# ..# ###. ##.## #
..#.##..#....###J..#.##
... ............@.....#
.#..#... ..####..........
##.....# ###..........#
##..#..## ##.#÷....#....#
##......###...).#.##....#
.........##..###..# .....
........##...# #..# ....
............## ..#
.........#...# ..#


You could see a jelly.

Vanquished Creatures
  An ice beast (D:4)
  A scorpion (D:5)
  2 hounds (D:5)
  2 bullfrog skeletons (D:4)
  An orc priest (D:5)
  A centaur skeleton (D:4)
  Ijyb (D:4)
  An iguana (D:5)
  3 orc wizards
  4 worker ants
  A hound skeleton (D:4)
  A gnoll (D:1)
  2 adders
  An ooze (D:2)
  4 adder zombies (D:4)
  3 adder skeletons
  A worm (D:2)
  2 dart slugs
  4 leopard geckos
  17 orcs
  4 ball pythons
  A bat (D:1)
  3 giant cockroaches
  8 goblins
  6 hobgoblins
  2 quokkas
  4 frilled lizards
  A jackal zombie (D:4)
  4 kobolds
  A leopard gecko skeleton (D:4)
  2 leopard gecko zombies (D:4)
  A quokka zombie (D:4)
  5 rats
95 creatures vanquished.

Notes
Turn   | Place    | Note
-------+----------+-------------------------------------------
     0 | D:1      | Delamore the Gargoyle Fighter began the quest for the Orb.
     0 | D:1      | Reached XP level 1. HP: 14/14 MP: 1/1
    97 | D:1      | Reached XP level 2. HP: 19/19 MP: 2/2
   514 | D:1      | Reached skill level 4 in Fighting
   514 | D:1      | Reached XP level 3. HP: 9/24 MP: 3/3
  1638 | D:2      | Found a shattered altar of Ashenzari.
  1641 | D:2      | Found a white marble altar of Elyvilon.
  1644 | D:2      | Found a basalt altar of Yredelemnul.
  1721 | D:3      | Found a shadowy altar of Dithmenos.
  1827 | D:3      | Reached XP level 4. HP: 29/30 MP: 4/4
  1862 | D:3      | Found a sparkling altar of Nemelex Xobeh.
  1948 | D:3      | Found a white marble altar of Elyvilon.
  2368 | D:3      | Reached XP level 5. HP: 14/34 MP: 5/5
  2711 | D:4      | Reached skill level 5 in Fighting
  2871 | D:4      | HP: 1/35 [orc/+0 falchion (3)]
  3326 | D:4      | Reached XP level 6. HP: 40/40 MP: 6/6
  3327 | D:4      | Noticed Ijyb
  3341 | D:4      | Killed Ijyb
  3721 | D:4      | Reached skill level 6 in Fighting
  3810 | D:4      | Found a hide-covered altar of Uskayaw.
  3878 | D:4      | Reached skill level 5 in Maces & Flails
  3970 | D:5      | Entered Level 5 of the Dungeon
  4049 | D:5      | Reached XP level 7. HP: 40/47 MP: 7/7
  5025 | D:5      | Reached skill level 7 in Fighting
  5143 | D:5      | Splashed by a jelly's acid

Illustrated notes

Levels and vault maps discovered:
D:1:      lemuel_arrival_lava_pool, layout_loops_ring, serial_forest,
          infiniplex_forest_clump_small, infiniplex_forest_clump_small,
          infiniplex_forest_end_3, infiniplex_forest_lined_2,
          infiniplex_forest_clump_small, infiniplex_forest_fountain,
          infiniplex_forest_straight_2, infiniplex_forest_lined_4_way,
          infiniplex_forest_end_1
D:2:      layout_rooms, grunt_temple_overflow_diamond, first_ration
D:3:      layout_basic, lemuel_round_altar, overflow_temple_1_default,
          elyvilon_altar_1
D:4:      layout_cave_pools, old_standard_altar, serial_undead, serial_undead_a,
          serial_undead_f, serial_undead_e, serial_undead_a, serial_undead_f,
          serial_undead_e, solitary_fountain, uniq_ijyb
D:5:      layout_cave_pools

Skill      XL: |  1  2  3  4  5  6  7 |
---------------+----------------------+-----
Fighting       | 4 5 6 7 |  7.1
Maces & Flails | 3 4 5 6 |  6.1
Armour         | |  3.2
Shields        | |  3.2

Action                   |  1- 3 |  4- 6 |  7- 9 || total
-------------------------+-------+-------+-------++-------
Melee: Flail             |   129 |   255 |    30 ||   414
       Whip              |       |       |   116 ||   116
  Use: Potion            |       |       |     1 ||     1
  Eat: Chunk             |     3 |     8 |       ||    11
       Ration            |       |       |     1 ||     1
Armor: Scale mail        |    83 |   178 |    90 ||   351
Dodge: Dodged            |    41 |   122 |    60 ||   223
Block: Kite shield       |    64 |   177 |    16 ||   257
       Buckler           |       |       |    23 ||    23
